 Dungeon Crawl Stone Soup version 0.27-a0-1186-g8b4daa1eef (webtiles) character file.

Game seed: 3751156811700486469

404 leviel the Shield-Bearer (level 6, -2/56 HPs)
             Began as a Minotaur Fighter on May 19, 2021.
             Slain by a hornet (9 damage)
             ... on level 4 of the Dungeon.
             The game lasted 00:03:01 (2840 turns).

leviel the Shield-Bearer (Minotaur Fighter)         Turns: 2840, Time: 00:03:01

Health: -2/56      AC:  9    Str: 22    XL:     6   Next: 56%
Magic:  5/5        EV:  8    Int:  5    God:
Gold:   154        SH: 10    Dex: 10    Spells: 5/5 levels left

rFire    . . .     SeeInvis .   a - +0 war axe
rCold    . . .     Faith    .   c - +0 kite shield
rNeg     . . .     Spirit   .   b - +0 scale mail
rPois    .         Reflect  .   (helmet restricted)
rElec    .         Harm     .   (no cloak)
rCorr    .         Rampage  .   k - +0 pair of gloves
Will     .....                  h - +0 pair of boots
Stlth    ..........             (no amulet)
HPRegen  0.18/turn              (no ring)
MPRegen  0.09/turn              (no ring)

@: mighty, lethally poisoned (-2 -> -8), slowed, very slow
A: horns 2, retaliatory headbutt
a: no special abilities


You were on level 4 of the Dungeon.
You visited 1 branch of the dungeon, and saw 4 of its levels.

You collected 154 gold pieces.

Inventory:

Hand Weapons
 a - a +0 war axe (weapon)
Armour
 b - a +0 scale mail (worn)
 c - a +0 kite shield (worn)
 h - a +0 pair of boots (worn)
 k - a +0 pair of gloves (worn)
Scrolls
 i - 2 scrolls of noise {unknown}
 l - a scroll of enchant weapon {unknown}
 n - a scroll of vulnerability {unknown}
Potions
 f - a potion of cancellation {unknown}
 g - 2 potions of heal wounds {unknown}
 j - 2 potions of degeneration {unknown}
 m - 2 potions of magic {unknown}
 o - 2 potions of lignification {unknown}
 p - a potion of curing {unknown}


   Skills:
 + Level 5.3 Fighting
 + Level 4.7 Axes
 + Level 5.4 Armour
 + Level 5.5 Shields


You had 5 spell levels left.
You didn't know any spells.
Your spell library contained the following spells:

 Spells                   Type           Power      Damage    Failure   Level
 Magic Dart               Conj           0%         1d3       99%         1
 Searing Ray              Conj           0%         3d3       100%        2
 Dazzling Flash           Conj/Hex       0%         N/A       100%        3
 Fulminant Prism          Conj/Hex       0%         3d6       100%        4
 Iskenderun's Mystic Bla  Conj/Tloc      0%         2d3       100%        4


Dungeon Overview and Level Annotations

Branches:
Dungeon (4/15)
 Temple: D:4-7

Altars:
Fedhas

Shops:
D:4 =

Annotations:
D:4 1 transporter


Innate Abilities, Weirdness & Mutations

You have a pair of horns on your head.
You reflexively headbutt those who attack you in melee.


Message History

You block the hornet's attack. The hornet stings you!
You are poisoned.
You feel yourself slow down.
You slash the hornet!
The hornet is moderately wounded.
You feel yourself speed up.
You feel very sick. The hornet stings you!
You feel yourself slow down.
The hornet stings you but does no damage.
You block the hornet's attack. The hornet stings you!
You feel as though you will be slow longer.
You feel very mighty all of a sudden.
You feel very sick. You block the hornet's attack.
The hornet stings you but does no damage.
You are confused.
You feel invigorated.
You feel sick. The hornet stings you.
* * * LOW HITPOINT WARNING * * *
You feel as though you will be slow longer.
The hornet barely misses you.
You bump into the rock wall.
You feel sick. The hornet barely misses you. The hornet stings you.
* * * LOW HITPOINT WARNING * * *
You suddenly lose the ability to move!
You feel less invigorated.
You feel less confused.
You feel sick. The hornet stings you.
* * * LOW HITPOINT WARNING * * *
You feel as though you will be slow longer.
The hornet stings you.
* * * LOW HITPOINT WARNING * * *
You are more poisoned.
You feel as though you will be slow longer.
You can move again.
You miss the hornet.
The hornet is moderately wounded.
* * * LOW HITPOINT WARNING * * *
You feel very sick. The hornet stings you!
You die...

.....................
....#.....>......###
....+............#
....#............#
#########+######.#
##### #.##.....
#........ ####
#..#.#... .... #@.#
.. #### #y.# .# #..#
# #..# #...# #..#
#...# #..# #...# #..#
#...# #..# #....
.#....


You could see a hornet.

Vanquished Creatures
  2 phantoms
  A howler monkey (D:2)
  An orc wizard (D:3)
  Robin (D:2)
  7 adders
  An adder skeleton (D:4)
  2 worms
  2 dart slugs (D:1)
  7 orcs
  6 bats
  5 endoplasms
  5 giant cockroaches
  11 goblins
  11 hobgoblins
  9 jackals
  9 kobolds
  6 ball pythons
  4 frilled lizards (D:2)
  3 rats
93 creatures vanquished.

Notes
Turn   | Place    | Note
-------+----------+-------------------------------------------
     0 | D:1      | leviel the Minotaur Fighter began the quest for the Orb.
     0 | D:1      | Reached XP level 1. HP: 19/19 MP: 0/0
   266 | D:1      | Reached XP level 2. HP: 27/27 MP: 1/1
   742 | D:1      | Found a faded altar of an unknown god.
   938 | D:2      | Reached XP level 3. HP: 32/33 MP: 2/2
  1010 | D:2      | Noticed Robin
  1061 | D:2      | HP: 1/33 [goblin/+0 dagger[Robin] (5)]
  1071 | D:2      | Reached XP level 4. HP: 27/40 MP: 3/3
  1075 | D:2      | Killed Robin
  1433 | D:2      | Reached XP level 5. HP: 39/47 MP: 4/4
  1893 | D:3      | Noticed a phantom
  1906 | D:3      | Killed a phantom
  1907 | D:3      | Reached skill level 5 in Fighting
  1907 | D:3      | Reached skill level 5 in Armour
  1907 | D:3      | Reached skill level 5 in Shields
  2126 | D:3      | Reached XP level 6. HP: 44/56 MP: 5/5
  2210 | D:3      | Found a blossoming altar of Fedhas.
  2476 | D:4      | Found a transporter.
  2711 | D:4      | Found Jugaod's Jewellery Emporium.
  2830 | D:4      | Noticed a hornet
  2838 | D:4      | Paralysed by a hornet for 2 turns
  2840 | D:4      | Slain by a hornet

Illustrated notes

Levels and vault maps discovered:
D:1:      roderic_chinese_lattice_arrival, layout_rooms,
          hellmonk_ecumenical_altar_inner_sanctum
D:2:      minmay_chambers_of_twos, layout_rooms, uniq_robin
D:3:      layout_rooms, overflow_temple_1_default
D:4:      gammafunk_steamed_eel, layout_basic, serial_shops, shop

Skill      XL: |  1  2  3  4  5 |
---------------+----------------+-----
Shields        | 4 5 |  5.5
Armour         | 4 5 |  5.4
Axes           | 3 4 |  4.7
Fighting       | 4 5 |  5.3

Action                   |  1- 3 |  4- 6 || total
-------------------------+-------+-------++-------
Melee: War axe           |    94 |   117 ||   211
       Headbutt          |    10 |    16 ||    26
  Use: Potion            |     1 |     2 ||     3
Armor: Scale mail        |    63 |    50 ||   113
Dodge: Dodged            |    45 |    42 ||    87
Block: Kite shield       |    63 |    69 ||   132

Table legend: (Time is in decaauts)
 A = Elapsed time spent in this place.
 B = Non-inter-level travel time spent in this place.
 C = Inter-level travel time spent in this place.
 D = Time resting spent in this place.
 E = Time spent auto-exploring this place.
 F = Levels seen in this place.
 G = Mean time per level.
                   A        B        C        D        E       F      G
               +--------+--------+--------+--------+--------+-----+--------+
         Total |   2953 |   2794 |    159 |      0 |   2281 |   4 |  738.2 |
       Dungeon |   2953 |   2794 |    159 |      0 |   2281 |   4 |  738.2 |
               +--------+--------+--------+--------+--------+-----+--------+

Top non-repeatable levels by time:
     D:2: 1080 daAuts
     D:1: 889 daAuts
     D:3: 602 daAuts
     D:4: 380 daAuts
